 Dungeon Crawl Stone Soup version 0.21.1-1-g345015fe64 (webtiles) character file.

805 Mrkan the Chopper (level 7, -3/64 HPs)
             Began as a Hill Orc Monk on May 6, 2018.
             Was a Believer of Beogh.
             Slain by an ice beast (11 damage)
             ... on level 5 of the Dungeon.
             The game lasted 00:11:36 (4727 turns).

Mrkan the Chopper (Hill Orc Monk)                   Turns: 4727, Time: 00:11:36

Health: -3/64      AC: 10    Str: 16    XL:     7   Next: 91%
Magic:  11/11      EV: 10    Int: 10    God:    Beogh [**....]
Gold:   193        SH:  0    Dex: 13    Spells: 6/6 levels left

rFire    . . .     SeeInvis .   a - +1 hand axe
rCold    . . .     Gourm    .   (no shield)
rNeg     . . .     Faith    .   n - +2 scale mail {rPois}
rPois    +         Spirit   .   q - +0 helmet
rElec    .         Reflect  .   (no cloak)
rCorr    .         Harm     .   k - +0 pair of gloves
MR       .....                  (no boots)
Stlth    ..........             (no amulet)
HPRegen  0.20/turn              (no ring)
MPRegen  0.12/turn              (no ring)

@: no status effects
A: no striking features
a: Smiting, Renounce Religion


You were on level 5 of the Dungeon.
You worshipped Beogh.
Beogh was pleased with you.
You were not hungry.

You visited 2 branches of the dungeon, and saw 6 of its levels.

You collected 193 gold pieces.

Inventory:

Hand Weapons
 a - a +1 hand axe (weapon)
Armour
 b - a +0 robe
 k - a +0 pair of gloves (worn)
 n - a +2 scale mail of poison resistance (worn)
 q - a +0 helmet (worn)
Jewellery
 h - a +4 amulet of reflection {unknown}
 w - a cursed -2 ring of protection {unknown}
Scrolls
 e - a scroll of enchant weapon
 f - a scroll of remove curse
 g - 5 scrolls of identify
 i - 3 scrolls of fog
 j - a scroll of fear {unknown}
 m - 2 scrolls of blinking {unknown}
 o - 3 scrolls of teleportation {unknown}
 y - a scroll of enchant armour {unknown}
 z - a scroll of magic mapping {unknown}
Potions
 d - a potion of might {unknown}
 l - a potion of lignification {unknown}
 p - a potion of cancellation {unknown}
 r - a potion of heal wounds {unknown}
 s - a potion of berserk rage {unknown}
 t - a potion of magic
 u - a potion of degeneration {unknown}
 v - a potion of ambrosia {unknown}
Books
 x - a book of Callings

   Spells                             Type                      Level
   a - Summon Small Mammal            Summoning                    1
   b - Call Imp                       Summoning                    2
   c - Call Canine Familiar           Summoning                    3
   d - Summon Guardian Golem          Hexes/Summoning              3
   e - Summon Lightning Spire         Summoning/Air                4
   f - Summon Ice Beast               Ice/Summoning                4
Comestibles
 c - 7 rations
 A - 8 chunks of flesh


   Skills:
 - Level 6.9 Fighting
 - Level 7.6 Axes
 - Level 2.4 Dodging
 - Level 1.5 Stealth
 * Level 6.3 Invocations


You had 6 spell levels left.
You didn't know any spells.

Dungeon Overview and Level Annotations

Branches:
Dungeon (5/15)             Temple (1/1) D:4

Altars:
Ashenzari
Cheibriados
Dithmenos
Elyvilon
Gozag
Hepliaklqana
Makhleb
Okawaru
Qazlal
Ru
Trog
Uskayaw
Vehumet
Wu Jian
Xom
Yredelemnul
Zin
The Shining One

Annotations:
D:5 Tegun's ghost, novice OgIE


Message History

Tegun's ghost whispers, "Death is liberation."
You barely miss the ice beast.
The ice beast is lightly wounded.
You closely miss the ice beast.
The ice beast hits you but does no damage.
The ice beast closely misses you.
You hit the ice beast.
The ice beast is lightly wounded.
You barely miss the ice beast.
The ice beast hits you but does no damage.
The ice beast hits you.
* * * LOW HITPOINT WARNING * * *
The ice beast freezes you!
* * * LOW HITPOINT WARNING * * *
It was a potion of magic.
Magic courses through your body.
The ice beast hits you but does no damage.
The ice beast hits you.
* * * LOW HITPOINT WARNING * * *
The ice beast freezes you!
You die... .......... ........# ##.......# ........ #..... .ooW

#Y## #@Y#### ##....# ####)###
.# #()(# .# ##### ###)### .#
########...##### #...##### .#
##((.)....#.....#####(....#.#
.#
#..############..######.(...#
.###.## ##.#......###.#


You could see 2 ice beasts, Tegun's ghost and 2 orcs.

Vanquished Creatures
  A phantom (D:4)
  3 ogres
  2 centaurs (D:5)
  A scorpion (Temple)
  A centaur zombie (D:5)
  A bullfrog zombie (D:5)
  A hound (D:5)
  A worker ant (D:5)
  Terence (D:2)
  Robin (D:2)
  2 adders
  2 oozes (D:3)
  An adder skeleton (D:5)
  A worm (D:3)
  A dart slug (D:2)
  3 leopard geckos
  5 orcs (D:5)
  2 giant cockroaches
  11 goblins
  6 hobgoblins
  9 jackals
  A quokka (D:4)
  A ball python (D:4)
  9 bats
  A frilled lizard (D:2)
  A jackal skeleton (D:5)
  4 kobolds
  4 rats
77 creatures vanquished.

Vanquished Creatures (others)
  An orc (D:4)
  8 toadstools (D:5)
9 creatures vanquished.

Grand Total: 86 creatures vanquished

Notes
Turn   | Place    | Note
-------+----------+-------------------------------------------
     0 | D:1      | Mrkan the Hill Orc Monk began the quest for the Orb.
     0 | D:1      | Reached XP level 1. HP: 19/19 MP: 1/1
    23 | D:1      | Reached XP level 2. HP: 15/27 MP: 2/2
  1014 | D:2      | Reached XP level 3. HP: 33/34 MP: 3/3
  1276 | D:2      | Reached skill level 5 in Axes
  1645 | D:2      | Noticed Terence
  1671 | D:2      | Killed Terence
  1671 | D:2      | Reached XP level 4. HP: 23/41 MP: 4/4
  1858 | D:2      | Found a glowing golden altar of the Shining One.
  2096 | D:2      | Noticed Robin
  2100 | D:2      | Reached skill level 5 in Fighting
  2117 | D:2      | Killed Robin
  2249 | D:3      | Found a shattered altar of Ashenzari.
  2601 | D:3      | Reached XP level 5. HP: 48/48 MP: 5/5
  2629 | D:3      | Found a sacrificial altar of Ru.
  2726 | D:3      | Reached skill level 6 in Axes
  2857 | D:4      | Noticed an ogre
  2872 | D:4      | Killed an ogre
  3051 | D:4      | Found a staircase to the Ecumenical Temple.
  3114 | D:4      | Noticed an ogre
  3136 | Temple   | Entered the Ecumenical Temple
  3142 | Temple   | Reached XP level 6. HP: 28/57 MP: 6/6
  3510 | D:4      | Reached skill level 7 in Axes
  3725 | D:4      | Noticed a phantom
  3777 | D:4      | Killed a phantom
  4085 | D:4      | Became a worshipper of Beogh the Brigand
  4085 | D:4      | Reached * piety under Beogh
  4085 | D:4      | Reached ** piety under Beogh
  4135 | D:4      | Found a stormy altar of Qazlal.
  4157 | D:5      | Entered Level 5 of the Dungeon
  4186 | D:5      | Reached XP level 7. HP: 60/64 MP: 5/7
  4194 | D:5      | HP: 2/64 [ogre/giant club (19)]
  4635 | D:5      | Reached skill level 5 in Invocations
  4716 | D:5      | Noticed Tegun's ghost (novice OgIE)
  4727 | D:5      | Slain by an ice beast

Skill      XL: |  1  2  3  4  5  6  7 |
---------------+----------------------+-----
Fighting       | 4 5 6 |  6.9
Axes           | 5 6 7 |  7.6
Invocations    | 6 |  6.3
Dodging        | |  2.4
Stealth        | |  1.5

Action                   |  1- 3 |  4- 6 |  7- 9 || total
-------------------------+-------+-------+-------++-------
Melee: Hand axe          |   116 |   149 |    94 ||   359
Invok: Smiting           |       |     1 |       ||     1
       Convert to Beogh  |       |     1 |       ||     1
  Use: Scroll            |     3 |       |       ||     3
       Potion            |       |     2 |     1 ||     3
 Stab: Sleeping          |     2 |       |       ||     2
  Eat: Chunk             |     2 |     4 |       ||     6
       Ration            |       |     1 |     1 ||     2
Armor: Robe              |    37 |       |       ||    37
       Scale mail        |       |    79 |    47 ||   126
Dodge: Dodged            |   123 |    88 |    58 ||   269
